 Dungeon Crawl Stone Soup version 0.21.1-1-g345015f (webtiles) character file.

7420 teukkam the Covert (level 11, -2/84 HPs)
             Began as a Gnoll Wanderer on Feb 8, 2018.
             Was a Believer of Dithmenos.
             Slain by a mace of flaming (5 damage)
             ... on level 2 of the Lair of Beasts.
             The game lasted 00:55:04 (10494 turns).

teukkam the Covert (Gnoll Wanderer)                Turns: 10494, Time: 00:55:04

Health: -2/84      AC: 11    Str: 14    XL:     11   Next: 15%
Magic:  0/24       EV: 16    Int: 21    God:    Dithmenos [**....]
Gold:   515        SH:  0    Dex: 15    Spells: 10/21 levels left

rFire    . . .     SeeInvis .   I - +2 great sword (holy)
rCold    . . .     Gourm    .   (shield currently unavailable)
rNeg     . . .     Faith    .   j - +4 moon troll leather armour {Spirit, Regen++ MP+5}
rPois    +         Spirit   +   (no helmet)
rElec    .         Reflect  .   C - +1 cloak {rPois}
rCorr    .         Harm     .   (no gloves)
MR       .....                  (no boots)
Stlth    +++++.....             (no amulet)
HPRegen  1.04/turn              A - ring of wizardry
MPRegen  0.19/turn              t - +3 ring of intelligence

@: about to teleport, very slightly contaminated, wreathed by umbra
A: distributed training, fangs 1, strong nose
a: Shadow Step, Renounce Religion


You were on level 2 of the Lair of Beasts.
You worshipped Dithmenos.
Dithmenos was pleased with you.
You were not hungry.

You visited 3 branches of the dungeon, and saw 12 of its levels.
You also visited: Bailey and Volcano.

You collected 515 gold pieces.

Inventory:

Hand Weapons
 a - a +1 dagger
 b - a +2 shortbow
 m - a +2 dagger of chaos
 D - a +4 quarterstaff of chaos
 H - a +0 hand crossbow
 I - a +2 great sword of holy wrath (weapon)
Missiles
 e - 2 tomahawks (quivered)
 f - 121 arrows
 h - 68 poisoned needles
Armour
 j - the +4 moon troll leather armour (worn) {Spirit, Regen++ MP+5}
   (You found it on level 7 of the Dungeon)

   It affects your magic capacity (+5).
   It increases your rate of regeneration.
 r - a +1 buckler
 C - a +1 cloak of poison resistance (worn)
Magical Staves
 u - an uncursed staff of conjuration {unknown}
Jewellery
 g - an uncursed ring of positive energy
 t - a +3 ring of intelligence (right hand)
 A - a ring of wizardry (left hand)
Wands
 E - a wand of disintegration (8)
Scrolls
 i - 3 scrolls of immolation
 s - 4 scrolls of random uselessness
 v - 5 scrolls of identify
 w - a scroll of amnesia
 x - a scroll of enchant armour
 y - a scroll of holy word
 B - a scroll of enchant weapon
 F - a scroll of remove curse
Potions
 c - a potion of flight
Books
 o - a book of Beasts

   Spells                             Type                      Level
   a - Summon Butterflies             Summoning                    1
   b - Call Canine Familiar           Summoning                    3
   c - Summon Ice Beast               Ice/Summoning                4
   d - Summon Mana Viper              Hexes/Summoning              5
   e - Summon Hydra                   Summoning                    7
 p - a book of Maledictions

   Spells                             Type                      Level
   a - Corona                         Hexes                        1
   b - Ensorcelled Hibernation        Hexes/Ice                    2
   c - Confuse                        Hexes                        3
   d - Tukima's Dance                 Hexes                        3
   e - Dazzling Spray                 Conjuration/Hexes            3
Comestibles
 n - 9 rations


   Skills:
 + Level 7.5 Fighting
 + Level 5.9 Short Blades
 + Level 5.9 Long Blades
 + Level 5.9 Axes
 + Level 5.9 Maces & Flails
 + Level 5.9 Polearms
 + Level 5.9 Staves
 + Level 5.9 Slings
 + Level 7.5 Bows
 + Level 5.9 Crossbows
 + Level 5.9 Throwing
 + Level 6.5 Armour
 + Level 6.5 Dodging
 + Level 8.5 Stealth
 + Level 5.9 Shields
 + Level 5.9 Unarmed Combat
 + Level 5.9 Spellcasting
 + Level 4.9 Conjurations
 + Level 4.9 Hexes
 + Level 4.9 Charms
 + Level 4.9 Summonings
 + Level 4.9 Necromancy
 + Level 4.9 Translocations
 + Level 4.9 Transmutations
 + Level 4.9 Fire Magic
 + Level 4.9 Ice Magic
 + Level 4.9 Air Magic
 + Level 4.9 Earth Magic
 + Level 4.9 Poison Magic
 + Level 6.5 Invocations
 + Level 6.5 Evocations


You had 10 spell levels left.
You knew the following spells:

 Your Spells              Type           Power        Failure   Level  Hunger
a - Confuse               Hex            ####....     1%          3    ##.....
b - Ensorcelled Hibernat  Hex/Ice        ####..       1%          2    None
c - Dazzling Spray        Conj/Hex       ####..       1%          3    ##.....
d - Tukima's Dance        Hex            ####....     1%          3    ##.....


Dungeon Overview and Level Annotations

Branches:
Dungeon (9/15)             Temple (1/1) D:7            Lair (2/6) D:8
  Swamp: Lair:2-4    Shoals: Lair:2-4     Snake: Lair:2-4    Spider: Lair:2-4
    Orc: D:9-12

Altars:
Ashenzari
Cheibriados
Dithmenos
Elyvilon
Gozag
Hepliaklqana
Kikubaaqudgha
Makhleb
Nemelex Xobeh
Okawaru
Ru
Sif Muna
Trog
Uskayaw
Vehumet
Wu Jian
Xom
Yredelemnul
Zin
The Shining One


Innate Abilities, Weirdness & Mutations

Your experience applies equally to all skills.
You have very sharp teeth.
Your uncanny sense of smell can sniff out nearby items.


Message History

* * * LOW HITPOINT WARNING * * *
There is an open door here.
The mace of flaming hits you.
* * * LOW HITPOINT WARNING * * *
The mace of flaming burns you.
* * * LOW HITPOINT WARNING * * *
There is a rock-blocked tunnel here.
There is a rocky tunnel leading out of this place here.
The mace of flaming hits you.
* * * LOW HITPOINT WARNING * * *
The mace of flaming burns you.
* * * LOW HITPOINT WARNING * * *
The mace of flaming hits you but does no damage.
Welcome back to the Lair of Beasts!
There is a collapsed entrance here.
As you read the scroll of teleportation, it crumbles to dust.
You feel strangely unstable. The mace of flaming hits you!
* * * LOW HITPOINT WARNING * * *
The mace of flaming burns you.
You die...

∆ ### ##@##
#..(# ##.##
##.## #.##
##.## ##§§.##
#....##§§≈§.##
.
#....#≈≈§≈§≈.#


You could see a mace of flaming.

Vanquished Creatures
  4 wizards (Volcano)
  A deep elf mage (Bailey)
  3 toenail golems (Volcano)
  A spiny frog (Lair:1)
  2 hornets (D:8)
  4 blink frogs (Lair:1)
  2 soldier ants (D:8)
  2 ogres (D:6)
  3 orc warriors
  2 phantoms
  A centaur (D:5)
  A crocodile (Lair:2)
  3 bullfrogs
  3 scorpions
  2 crimson imps (D:8)
  3 bullfrog zombies
  A centaur zombie (D:6)
  A jelly (D:6)
  A quasit (D:9)
  2 hounds
  Crazy Yiuf (D:2)
  An orc priest (D:7)
  4 orc wizards
  A bullfrog skeleton (D:7)
  An iguana (D:8)
  A hell rat (D:8)
  4 worker ants
  2 worker ant zombies
  8 adders
  A shadow imp (D:2)
  2 adder skeletons (D:4)
  2 dart slugs
  7 worms
  2 leopard geckos
  27 orcs
  3 ball pythons
  7 giant cockroaches
  11 goblins
  6 hobgoblins
  11 jackals
  4 quokkas
  9 bats
  4 frilled lizards
  6 kobolds
  A quokka skeleton (D:4)
  10 rats
178 creatures vanquished.

Vanquished Creatures (collateral kills)
  A toenail golem (Volcano)
  An orc (D:4)
2 creatures vanquished.

Vanquished Creatures (others)
  A wizard (Volcano)
1 creature vanquished.

Grand Total: 181 creatures vanquished

Notes
Turn   | Place    | Note
-------+----------+-------------------------------------------
     0 | D:1      | teukkam the Gnoll Wanderer began the quest for the Orb.
     0 | D:1      | teukkam set off with: a +2 shortbow, 22 arrows, a potion of curing, a scroll of teleportation, a +0 robe, a +0 dagger, a ration
     0 | D:1      | Reached XP level 1. HP: 20/20 MP: 2/2
   445 | D:1      | Reached XP level 2. HP: 26/26 MP: 3/3
   906 | D:1      | Reached XP level 3. HP: 31/31 MP: 4/4
  1152 | D:2      | Reached skill level 6 in Stealth
  1283 | D:2      | Reached skill level 1 in Invocations
  1416 | D:2      | Found a sparkling altar of Nemelex Xobeh.
  1422 | D:2      | Found a glowing silver altar of Zin.
  1463 | D:3      | Reached skill level 1 in Short Blades
  1463 | D:3      | Reached skill level 1 in Long Blades
  1463 | D:3      | Reached skill level 1 in Axes
  1463 | D:3      | Reached skill level 1 in Maces & Flails
  1463 | D:3      | Reached skill level 1 in Polearms
  1463 | D:3      | Reached skill level 1 in Staves
  1463 | D:3      | Reached skill level 1 in Slings
  1463 | D:3      | Reached skill level 1 in Crossbows
  1463 | D:3      | Reached skill level 1 in Throwing
  1463 | D:3      | Reached skill level 1 in Shields
  1463 | D:3      | Reached skill level 1 in Unarmed Combat
  1463 | D:3      | Reached skill level 1 in Spellcasting
  1492 | D:3      | Reached XP level 4. HP: 33/38 MP: 6/6
  1982 | D:2      | Found an ornate altar of the Wu Jian Council.
  1984 | D:2      | Found an iron altar of Okawaru.
  2016 | D:2      | Learned a level 2 spell: Ensorcelled Hibernation
  2046 | D:2      | Learned a level 3 spell: Confuse
  2075 | D:2      | Reached skill level 1 in Conjurations
  2075 | D:2      | Reached skill level 1 in Hexes
  2075 | D:2      | Reached skill level 1 in Charms
  2075 | D:2      | Reached skill level 1 in Summonings
  2075 | D:2      | Reached skill level 1 in Necromancy
  2075 | D:2      | Reached skill level 1 in Translocations
  2075 | D:2      | Reached skill level 1 in Transmutations
  2075 | D:2      | Reached skill level 1 in Fire Magic
  2075 | D:2      | Reached skill level 1 in Ice Magic
  2075 | D:2      | Reached skill level 1 in Air Magic
  2075 | D:2      | Reached skill level 1 in Earth Magic
  2075 | D:2      | Reached skill level 1 in Poison Magic
  2091 | D:2      | Found a runed door.
  2315 | D:4      | Reached XP level 5. HP: 38/43 MP: 0/7
  2428 | D:5      | Entered Level 5 of the Dungeon
  2429 | D:5      | Noticed a phantom
  2457 | D:5      | Killed a phantom
  2480 | D:5      | Reached XP level 6. HP: 24/50 MP: 5/8
  3278 | D:4      | Reached skill level 5 in Fighting
  3278 | D:4      | Reached skill level 5 in Bows
  4255 | D:6      | You fall through a shaft for 2 floors!
  4367 | D:8      | Noticed a hornet
  4510 | D:8      | Noticed a hornet
  4511 | D:8      | Noticed a soldier ant
  4643 | D:8      | Reached XP level 7. HP: 52/56 MP: 10/10
  4998 | D:8      | Found a shimmering altar of Xom.
  4998 | D:8      | Found a burning altar of Makhleb.
  5089 | D:8      | Noticed a death yak
  5238 | D:9      | Found a flagged portal.
  5249 | Bailey   | Entered a bailey
  5256 | Bailey   | Noticed a deep elf mage
  5266 | Bailey   | Killed a deep elf mage
  5266 | Bailey   | Reached XP level 8. HP: 18/63 MP: 6/12
  5553 | D:8      | Killed a hornet
  5658 | D:8      | Killed a hornet
  5661 | D:8      | Reached skill level 7 in Stealth
  5797 | D:7      | Found a staircase to the Ecumenical Temple.
  5803 | D:7      | Found the +4 moon troll leather armour {Spirit, Regen++ MP+5}
  5834 | D:7      | Reached XP level 9. HP: 63/69 MP: 14/14
  5857 | Temple   | Entered the Ecumenical Temple
  5912 | Temple   | Became a worshipper of Dithmenos the Shadowed
  7378 | D:6      | Reached skill level 5 in Armour
  7378 | D:6      | Reached skill level 5 in Dodging
  7378 | D:6      | Reached skill level 5 in Evocations
  7395 | D:6      | Reached * piety under Dithmenos
  7430 | D:6      | Found a snail-covered altar of Cheibriados.
  7844 | D:7      | Noticed a moth of wrath
  7846 | D:7      | Found a bloodstained altar of Trog.
  8096 | D:2      | Noticed Crazy Yiuf
  8100 | D:2      | Killed Crazy Yiuf
  8375 | D:4      | Learned a level 3 spell: Dazzling Spray
  8379 | D:4      | Learned a level 3 spell: Tukima's Dance
  8959 | D:7      | Reached ** piety under Dithmenos
  9020 | D:8      | Noticed a death yak
  9112 | D:8      | Noticed a death yak
  9179 | D:8      | Found a staircase to the Lair.
  9191 | D:8      | Reached skill level 5 in Invocations
  9426 | Lair:1   | Entered Level 1 of the Lair of Beasts
  9426 | Lair:1   | Noticed a spiny frog
  9435 | Lair:1   | Killed a spiny frog
  9435 | Lair:1   | Reached XP level 10. HP: 45/77 MP: 7/17
  9570 | Lair:1   | Noticed a six-headed hydra
  9625 | Lair:1   | Reached skill level 5 in Short Blades
  9625 | Lair:1   | Reached skill level 5 in Long Blades
  9625 | Lair:1   | Reached skill level 5 in Axes
  9625 | Lair:1   | Reached skill level 5 in Maces & Flails
  9625 | Lair:1   | Reached skill level 5 in Polearms
  9625 | Lair:1   | Reached skill level 5 in Staves
  9625 | Lair:1   | Reached skill level 5 in Slings
  9625 | Lair:1   | Reached skill level 5 in Crossbows
  9625 | Lair:1   | Reached skill level 5 in Throwing
  9625 | Lair:1   | Reached skill level 5 in Shields
  9625 | Lair:1   | Reached skill level 5 in Unarmed Combat
  9625 | Lair:1   | Reached skill level 5 in Spellcasting
  9727 | Lair:2   | Found a dark tunnel.
  9732 | Volcano  | Entered a volcano
  9735 | Volcano  | Noticed a toenail golem
  9735 | Volcano  | Noticed a wizard
  9735 | Volcano  | Noticed a toenail golem
  9743 | Volcano  | Killed a wizard
  9743 | Volcano  | Reached skill level 8 in Stealth
  9786 | Volcano  | Killed a toenail golem
  9872 | Volcano  | Killed a toenail golem
  9918 | Volcano  | Noticed a wizard
  9920 | Volcano  | Killed a wizard
  9929 | Volcano  | Noticed a wizard
  9931 | Volcano  | Killed a wizard
  9945 | Volcano  | Noticed a wizard
  9945 | Volcano  | Noticed a toenail golem
  9946 | Volcano  | Noticed a wizard
  9950 | Volcano  | Killed a wizard
  9950 | Volcano  | Reached XP level 11. HP: 84/84 MP: 16/19
  9963 | Volcano  | Paralysed by a wizard for 5 turns
  9967 | Volcano  | Killed a wizard
 10087 | Volcano  | Noticed a mace of flaming
 10494 | Lair:2   | HP: 3/84 [mace of flaming (10)]
 10494 | Lair:2   | Slain by a mace of flaming

Skill      XL: |  1  2  3  4  5  6  7  8  9 10 |
---------------+-------------------------------+-----
Stealth        | 6 7 8 |  8.5
Invocations    | 1 2 3 4 5 6 |  6.5
Short Blades   | 1 2 3 4 5 |  5.9
Long Blades    | 1 2 3 4 5 |  5.9
Axes           | 1 2 3 4 5 |  5.9
Maces & Flails | 1 2 3 4 5 |  5.9
Polearms       | 1 2 3 4 5 |  5.9
Staves         | 1 2 3 4 5 |  5.9
Slings         | 1 2 3 4 5 |  5.9
Crossbows      | 1 2 3 4 5 |  5.9
Throwing       | 1 2 3 4 5 |  5.9
Shields        | 1 2 3 4 5 |  5.9
Unarmed Combat | 1 2 3 4 5 |  5.9
Spellcasting   | 1 2 3 4 5 |  5.9
Conjurations   | 1 2 3 4 |  4.9
Hexes          | 1 2 3 4 |  4.9
Charms         | 1 2 3 4 |  4.9
Summonings     | 1 2 3 4 |  4.9
Necromancy     | 1 2 3 4 |  4.9
Translocations | 1 2 3 4 |  4.9
Transmutations | 1 2 3 4 |  4.9
Fire Magic     | 1 2 3 4 |  4.9
Ice Magic      | 1 2 3 4 |  4.9
Air Magic      | 1 2 3 4 |  4.9
Earth Magic    | 1 2 3 4 |  4.9
Poison Magic   | 1 2 3 4 |  4.9
Armour         | 3 4 5 6 |  6.5
Dodging        | 3 4 5 6 |  6.5
Evocations     | 3 4 5 6 |  6.5
Fighting       | 5 6 7 |  7.5
Bows           | 5 6 7 |  7.5

Action                   |  1- 3 |  4- 6 |  7- 9 | 10-12 || total
-------------------------+-------+-------+-------+-------++-------
Melee: Dagger            |   110 |   239 |   330 |   264 ||   943
       Bite              |    15 |    20 |    38 |    45 ||   118
       Punch             |       |       |     5 |     4 ||     9
       Great sword       |       |       |       |    13 ||    13
 Fire: Shortbow          |    59 |    13 |    24 |       ||    96
Throw: Tomahawk          |       |       |    14 |     2 ||    16
 Cast: Ensorcelled Hiber |       |    16 |    78 |     5 ||    99
       Confuse           |       |     5 |    16 |       ||    21
       Dazzling Spray    |       |       |    13 |    20 ||    33
       Tukima's Dance    |       |       |     1 |       ||     1
Evoke: Wand              |       |       |     5 |     3 ||     8
       Sack of spiders   |       |       |       |     2 ||     2
  Use: Scroll            |       |    11 |     3 |     6 ||    20
       Potion            |       |     6 |     7 |     4 ||    17
 Stab: Sleeping          |     8 |    19 |    47 |     8 ||    82
       Distracted        |     1 |       |       |     1 ||     2
       Confused          |       |     1 |     7 |       ||     8
       Petrified         |       |       |     1 |       ||     1
       Invisible         |       |       |     4 |       ||     4
  Eat: Ration            |     1 |     3 |     3 |     2 ||     9
       Chunk             |       |       |    10 |       ||    10
Armor: Leather armour    |    39 |    74 |     4 |       ||   117
       Troll leather arm |       |       |    57 |    72 ||   129
       Skin              |       |       |     8 |       ||     8
Dodge: Dodged            |    68 |   151 |   234 |   129 ||   582
Block: Buckler           |     1 |       |       |       ||     1
       Rpst.: Great sword |       |       |       |     2 ||     2
